Map: Dusk Towers

Players

capac - Winner!

  • Race: Terran Terran
  • League: Gold

OhNoNotAgain

  • Race: Zerg Zerg

VOD

Have the link to the VOD?

Description

Time

  • Played on: March 4, 2016, 5:01 p.m.
  • Length: 15:51
Show
View Real Time Build Order
Export as new Build Order

capac Terran - Winner!

Build Orders:  

Get SALT Encoding   

  12  0:01  SCV  
  13  0:15  SCV  
  13  0:18  Supply Depot  
  15  0:28  SCV  
  15  0:40  Barracks  
  15  0:42  SCV  
  16  0:46  Refinery  
  16  0:54  SCV  
  17  1:06  SCV  
  18  1:18  SCV  
  19  1:30  SCV, Barracks Reactor  
  20  1:35  Command Center  
  20  1:42  SCV  
  20  1:46  Supply Depot  
  21  1:55  Orbital Command  
  21  2:07  Marine  
  21  2:08  Marine  
  23  2:20  Barracks  
  23  2:28  Marine  
  24  2:30  Factory  
  24  2:36  Marine  
  25  2:51  Marine  
  25  2:54  Marine  
  25  2:55  Orbital Command  
  26  3:00  Refinery  
  26  3:01  Engineering Bay, SCV  
  27  3:09  Barracks Tech Lab  
  27  3:13  Marine x2  
  27  3:17  Starport  
  29  3:20  Factory Reactor  
  29  3:22  SCV  
  30  3:27  SCV  
  31  3:37  Refinery, SCV  
  33  3:44  Marine x3  
  33  3:46  SCV  
  36  3:53  SCV  
  37  4:03  Supply Depot  
  37  4:04  SCV  
  37  4:05  Marine x2  
  37  4:07  Marine  
  41  4:12  Medivac x2  
  45  4:19  SCV  
  46  4:24  SCV  
  46  4:25  Supply Depot  
  46  4:27  Factory Tech Lab  
  46  4:29  Marine  
  46  4:30  Marine x2  
  50  4:34  SCV  
  51  4:45  Liberator  
  51  4:56  Marine x3  
  51  4:58  Siege Tank  
  57  5:01  Supply Depot  
  57  5:05  Liberator, SCV x2  
  62  5:16  Stimpack  
  62  5:22  Marine x3  
  62  5:25  Supply Depot  
  68  5:46  Siege Tank  
  68  5:48  Supply Depot  
  71  5:52  Marine x3  
  73  6:02  Liberator  
  73  6:03  Liberator  
  69  6:14  Marine x3  
  72  6:22  Terran Infantry Weapons Level 1  
  78  6:29  Barracks  
  78  6:30  Barracks, SCV x2  
  78  6:31  Barracks  
  78  6:32  Marine x3  
  83  6:42  SCV x2  
  83  6:45  Supply Depot  
  85  6:50  Marine, Liberator x2  
  86  7:07  Marine, SCV  
  94  7:18  SCV  
  94  7:19  Supply Depot  
  94  7:36  Barracks Reactor x3  
  94  7:38  Starport  
  94  7:39  Missile Turret  
  94  7:45  SCV x2  
  94  7:46  Missile Turret  
  94  7:49  Refinery  
  96  7:59  Siege Tank  
  99  8:07  Medivac  
  99  8:11  Medivac  
  103  8:14  SCV  
  103  8:18  Starport Tech Lab  
  104  8:27  Supply Depot, Marine x3  
  104  8:29  Marine x3  
  104  8:32  Supply Depot  
  110  8:34  Supply Depot  
  110  8:48  Marine x6, Raven  
  110  8:53  Marine  
  119  9:06  Supply Depot  
  119  9:07  Supply Depot  
  119  9:08  Marine  
  119  9:09  Supply Depot, Marine x5  
  125  9:16  Command Center  
  125  9:24  Medivac x2  
  128  10:15  Marine  
  128  10:16  Marine x5  
  128  10:19  Medivac x3  
  140  10:21  Siege Tank  
  140  10:26  Armory  
  143  10:30  Engineering Bay  
  143  10:34  Terran Infantry Armor Level 1  
  143  10:36  Supply Depot  
  143  10:38  Supply Depot x2  
  143  10:43  Marine  
  143  10:44  Marine x6  
  150  10:52  Liberator  
  150  10:57  Liberator x2  
  153  11:16  Siege Tank  
  153  11:17  Marine  
  163  11:26  Orbital Command  
  163  11:35  Liberator  
  163  11:37  Terran Ship Weapons Level 1  
  163  11:53  Terran Infantry Weapons Level 2  
  166  12:14  Marine x2  
  166  12:15  Marine x3  
  171  12:19  Marine x2  
  173  12:31  Fusion Core  
  173  12:32  Marine x2  
  175  12:40  Liberator  
  175  12:45  Barracks  
  175  12:47  Barracks  
  175  12:48  Liberator  
  175  12:49  Liberator  
  175  12:56  Marine x3  
  175  12:57  Marine x2  
  189  13:17  Supply Depot  
  189  13:20  Advanced Ballistics  
  189  13:53  Liberator x3  
  198  14:25  Barracks Tech Lab x2  
  198  14:31  Barracks  
  198  14:32  Refinery x2  
  198  14:33  Barracks  
  198  14:43  Command Center  
Show
View Real Time Build Order
Export as new Build Order

OhNoNotAgain Zerg 

Build Orders: Pool First, Lurkers 

Get SALT Encoding   

  12  0:02  Drone  
  13  0:12  Overlord  
  13  0:23  Drone  
  14  0:30  Drone x2  
  16  0:38  Extractor, Drone  
  16  0:54  Spawning Pool  
  16  0:56  Drone  
  16  1:05  Drone  
  17  1:27  Hatchery  
  16  1:41  Metabolic Boost  
  16  1:43  Queen  
  18  1:53  Drone x3  
  21  2:04  Overlord  
  21  2:21  Zergling x2  
  22  2:26  Zergling x2  
  23  2:40  Queen  
  23  2:42  Drone  
  23  2:43  Drone  
  27  2:59  Lair  
  27  3:01  Extractor  
  26  3:06  Baneling Nest  
  26  3:07  Zergling x12  
  31  3:13  Drone x2  
  33  3:23  Overlord  
  33  3:24  Drone  
  34  3:49  Drone x5  
  39  4:03  Hydralisk Den  
  39  4:08  Evolution Chamber  
  37  4:27  Overlord  
  37  4:28  Drone x5  
  37  4:29  Drone x2  
  44  4:32  Extractor  
  44  4:36  Lurker Den, Extractor  
  42  4:39  Zerg Ground Armor Level 1  
  42  5:03  Hydralisk x2  
  42  5:04  Hydralisk  
  42  5:05  Hydralisk  
  50  5:07  Overlord  
  50  5:15  Hydralisk  
  50  5:16  Overlord  
  49  5:48  Zergling x22  
  55  6:29  Hatchery  
  54  6:41  Lurker  
  54  6:44  Lurker x2  
  54  6:46  Lurker  
  58  6:51  Hydralisk  
  58  6:52  Hydralisk  
  62  6:55  Baneling x3  
  62  6:56  Baneling  
  58  7:29  Overseer  
  55  7:36  Hydralisk x3  
  61  8:11  Zerg Missile Weapons Level 1  
  61  8:14  Hydralisk x3  
  67  8:20  Overlord x3  
  67  8:37  Queen  
  69  8:56  Muscular Augments  
  69  9:01  Overlord x2  
  69  9:23  Hydralisk  
  69  9:24  Hydralisk x4  
  79  9:37  Drone  
  79  9:38  Drone x4  
  84  9:54  Drone x5  
  84  9:57  Drone  
  90  10:35  Hatchery  
  89  11:15  Centrifical Hooks  
  89  11:18  Overlord x3  
  89  11:32  Zerg Ground Armor Level 2  
  89  11:41  Spire  
  88  12:03  Evolution Chamber  
  88  12:05  Drone x7  
  88  12:06  Drone x9  
  103  12:12  Extractor  
  103  12:15  Extractor  
  101  12:24  Queen  
  103  12:44  Overlord x2  
  103  12:45  Overlord  
  103  13:05  Corruptor x9  
  120  13:13  Zerg Missile Weapons Level 2  
  120  13:17  Zerg Flyer Armor Level 1  
  120  13:59  Corruptor  
  120  14:00  Corruptor x7  
  135  14:03  Baneling x3  
  135  14:04  Baneling x4  
  135  14:05  Baneling x2  
  135  14:34  Overlord x2  
  135  14:35  Overlord  
  135  14:49  Hydralisk x5  
  135  14:52  Hydralisk x3  
Tags
 
Composition
Lurkers
League
Gold
Matchup
TvZ
Opening
Pool First
Add a new tag
Caveats
  • Supply blocks, unpowered buildings, or Contaminate may cause inaccurate times.
  • Supply counts are checked every 10 seconds.